[ AOE2 MATCH · #473611506 ]
Team RMKhmer vs Saracens
[ REPLAY ANALYSIS · EXTRACTED FROM THE RECORDED GAME ]
Feudal
11:42
Castle
21:05
Imperial
38:47
| APM avg | 21.5 |
| APM peak | 308 |
| eAPM avg | 19.9 |
| Villagers / military | 91 / 32 |
Focus
⚔️ 20.7% · 🌾 79.3%
Battle Elephant ×32 · Trade Cart ×15
Feudal
8:56
Castle
18:17
Imperial
—
| APM avg | 25.5 |
| APM peak | 64 |
| eAPM avg | 12.5 |
| Villagers / military | 101 / 33 |
Focus
⚔️ 16.2% · 🌾 83.8%
Mangudai ×16 · Spearman ×9 · Camel Scout ×7 · Trade Cart ×3 · Monk ×1
Feudal
12:07
Castle
16:50
Imperial
31:24
| APM avg | 26.4 |
| APM peak | 89 |
| eAPM avg | 13.1 |
| Villagers / military | 158 / 158 |
Focus
⚔️ 20.0% · 🌾 80.0%
Skirmisher ×95 · Fire Lancer ×36 · Rattan Archer ×27 · Trade Cart ×16
Feudal
10:21
Castle
15:57
Imperial
30:14
| APM avg | 19.2 |
| APM peak | 58 |
| eAPM avg | 13.1 |
| Villagers / military | 128 / 213 |
Focus
⚔️ 20.0% · 🌾 80.0%
Tarkan ×210 · Monk ×3
Feudal
12:47
Castle
24:15
Imperial
37:25
| APM avg | 6.2 |
| APM peak | 22 |
| eAPM avg | 4.6 |
| Villagers / military | 64 / 25 |
Focus
⚔️ 18.2% · 🌾 81.8%
Conquistador ×21 · Trade Cart ×15 · Spearman ×3 · Mangonel ×1
Feudal
12:19
Castle
15:51
Imperial
34:56
| APM avg | 26.3 |
| APM peak | 63 |
| eAPM avg | 12.1 |
| Villagers / military | 125 / 139 |
Focus
⚔️ 28.7% · 🌾 71.3%
Spearman ×53 · Leitis ×48 · Skirmisher ×25 · Bombard Cannon ×8 · Monk ×3 · Battering Ram ×2
Feudal
11:52
Castle
24:12
Imperial
32:45
| APM avg | 14.0 |
| APM peak | 53 |
| eAPM avg | 9.4 |
| Villagers / military | 63 / 152 |
Focus
⚔️ 46.9% · 🌾 53.1%
Militia ×63 · Fire Lancer ×55 · Spearman ×29 · Skirmisher ×5 · Trade Cart ×4
Feudal
12:18
Castle
16:21
Imperial
33:18
| APM avg | 16.4 |
| APM peak | 43 |
| eAPM avg | 12.5 |
| Villagers / military | 159 / 67 |
Focus
⚔️ 22.7% · 🌾 77.3%
Cavalry Archer ×45 · Scout Cavalry ×19 · Monk ×3
Match map
Initial resources + every placement click. Lines = walls · curves = elevation contours. ◆ gold · ⬟ stone · ● berries · ✦ relic · ◌ wall gap
Your base· ✓ Closed at 21:05 · 21t walls · 3 gate(s)
DK's base· ✓ Closed at 18:17 · 0t walls · 2 gate(s)
xxbysnipxx's base· ✓ Closed at 16:50 · 0t walls · 3 gate(s)
zsedc258's base· ✓ Closed at 15:57 · 0t walls · 2 gate(s)
snogivgolovu's base· ✓ Closed at 24:15 · 21t walls · 3 gate(s)
别骂了,只会养坤's base· ✓ Closed at 15:51 · 0t walls · 2 gate(s)
我来监督沙瑞金's base· ✓ Closed at 24:12 · 0t walls · 2 gate(s)
所以狼's base· ✓ Closed at 16:21 · 0t walls · 3 gate(s)
Smoothed initial terrain · ◌ = detected wall gap · hover for details
Inputs per minute
— Lukrat - - DK
Build order — Lukrat
First 150 of 284 actions detected
| 0:13 | Build | House |
| 0:14 | Build | House |
| 0:16 | Build | House |
| 0:17 | Build | House |
| 0:20 | Create | Villager (Male) ×4 |
| 0:21 | Research | Loom |
| 2:14 | Build | Mill |
| 2:20 | Create | Villager (Male) |
| 2:41 | Create | Villager (Male) |
| 3:09 | Create | Villager (Male) |
| 4:01 | Create | Villager (Male) |
| 4:01 | Create | Villager (Male) |
| 4:57 | Create | Villager (Male) |
| 4:57 | Create | Villager (Male) |
| 4:57 | Create | Villager (Male) |
| 4:57 | Create | Villager (Male) |
| 5:28 | Create | Villager (Male) |
| 5:29 | Create | Villager (Male) |
| 6:09 | Create | Villager (Male) |
| 6:10 | Create | Villager (Male) |
| 6:10 | Create | Villager (Male) |
| 6:10 | Create | Villager (Male) |
| 7:49 | Create | Villager (Male) |
| 7:49 | Create | Villager (Male) |
| 7:50 | Create | Villager (Male) |
| 8:53 | Build | Lumber Camp |
| 9:03 | Build | Lumber Camp |
| 9:30 | Research | Feudal Age |
| 9:41 | Build | Mining Camp |
| 9:48 | Build | Mining Camp |
| 10:13 | Build | House |
| 10:52 | Build | House |
| 10:57 | Build | House |
| 11:01 | Build | House |
| 11:07 | Build | House |
| 11:42 | Age | Feudal Age |
| 11:54 | Research | Wheelbarrow |
| 12:01 | Research | Double-Bit Axe |
| 12:06 | Research | Gold Mining |
| 12:16 | Research | Stone Mining |
| 12:34 | Create | Villager (Male) |
| 13:08 | Build | Blacksmith |
| 13:14 | Build | House |
| 13:32 | Build | Market |
| 13:49 | Create | Villager (Male) |
| 13:49 | Create | Villager (Male) |
| 13:50 | Create | Villager (Male) |
| 13:50 | Create | Villager (Male) |
| 15:37 | Create | Villager (Male) |
| 15:37 | Create | Villager (Male) |
| 15:37 | Create | Villager (Male) |
| 15:38 | Create | Villager (Male) |
| 15:39 | Create | Villager (Male) |
| 16:36 | Build | Farm |
| 16:41 | Build | Farm |
| 16:47 | Build | Farm |
| 16:56 | Build | Farm |
| 17:03 | Build | Farm |
| 17:13 | Research | Horse Collar |
| 17:29 | Build | Farm |
| 17:33 | Build | Farm |
| 17:38 | Build | Farm |
| 17:44 | Build | Farm |
| 17:52 | Build | Farm |
| 18:25 | Research | Castle Age |
| 19:18 | Build | Stone Wall |
| 21:05 | Age | Castle Age |
| 21:07 | Research | Hand Cart |
| 21:12 | Research | Heavy Plow |
| 21:18 | Research | Bow Saw |
| 21:36 | Create | Villager (Male) |
| 21:37 | Create | Villager (Male) |
| 21:37 | Create | Villager (Male) |
| 21:49 | Research | Gold Shaft Mining |
| 22:01 | Create | Villager (Male) |
| 22:05 | Create | Villager (Male) |
| 22:30 | Research | Stone Shaft Mining |
| 22:45 | Create | Villager (Male) |
| 22:45 | Create | Villager (Male) |
| 23:02 | Build | Town Center |
| 23:28 | Build | University |
| 23:39 | Create | Villager (Male) |
| 23:40 | Create | Villager (Male) |
| 23:40 | Create | Villager (Male) |
| 23:41 | Create | Villager (Male) |
| 23:44 | Create | Villager (Male) |
| 25:12 | Build | House |
| 25:19 | Build | House |
| 25:43 | Create | Villager (Male) |
| 25:44 | Create | Villager (Male) |
| 25:44 | Create | Villager (Male) |
| 25:45 | Create | Villager (Male) |
| 25:46 | Create | Villager (Male) |
| 25:57 | Create | Villager (Male) |
| 25:58 | Create | Villager (Male) |
| 25:58 | Create | Villager (Male) |
| 25:59 | Create | Villager (Male) |
| 25:59 | Create | Villager (Male) |
| 26:10 | Build | House |
| 26:14 | Build | House |
| 27:02 | Build | Stable |
| 27:52 | Create | Villager (Male) |
| 28:06 | Build | Stable |
| 28:07 | Build | Stable |
| 28:10 | Build | Stable |
| 28:18 | Create | Villager (Male) |
| 28:18 | Create | Villager (Male) |
| 28:19 | Create | Villager (Male) |
| 28:20 | Create | Villager (Male) |
| 28:20 | Create | Villager (Male) |
| 28:20 | Create | Villager (Male) |
| 28:21 | Create | Villager (Male) |
| 28:21 | Create | Villager (Male) |
| 28:21 | Create | Villager (Male) |
| 28:21 | Create | Villager (Male) |
| 28:33 | Create | Villager (Male) |
| 28:34 | Create | Villager (Male) |
| 28:41 | Create | Villager (Male) |
| 28:50 | Build | Farm |
| 29:10 | Create | Villager (Male) |
| 29:11 | Create | Villager (Male) |
| 29:17 | Build | Farm |
| 29:40 | Build | Farm |
| 30:07 | Build | Farm |
| 30:26 | Build | Monastery |
| 30:34 | Build | Farm |
| 30:51 | Research | Caravan |
| 30:52 | Create | Trade Cart |
| 30:53 | Create | Trade Cart |
| 30:53 | Create | Trade Cart |
| 30:54 | Create | Trade Cart |
| 30:54 | Create | Trade Cart |
| 30:54 | Create | Trade Cart |
| 30:55 | Create | Trade Cart |
| 30:55 | Create | Trade Cart |
| 30:55 | Create | Trade Cart |
| 30:56 | Create | Trade Cart |
| 31:02 | Build | Farm |
| 31:11 | Build | House |
| 31:12 | Build | House |
| 31:13 | Build | House |
| 31:14 | Build | House |
| 31:15 | Build | House |
| 31:18 | Build | House |
| 31:20 | Build | House |
| 32:07 | Build | Farm |
| 32:13 | Build | Farm |
| 32:18 | Build | Farm |
| 32:39 | Build | Farm |
| 32:47 | Create | Villager (Male) |
Build order — DK
First 150 of 215 actions detected
| 0:04 | Build | House |
| 0:05 | Build | House |
| 0:06 | Create | Villager (Male) |
| 0:07 | Create | Villager (Male) |
| 0:39 | Create | Villager (Male) |
| 0:39 | Create | Villager (Male) |
| 0:40 | Create | Villager (Male) |
| 0:40 | Create | Villager (Male) |
| 1:33 | Create | Villager (Male) |
| 1:34 | Create | Villager (Male) |
| 1:58 | Create | Villager (Male) |
| 2:26 | Create | Villager (Male) |
| 2:47 | Create | Villager (Male) |
| 3:25 | Create | Villager (Male) |
| 3:57 | Build | House |
| 4:12 | Build | Mill |
| 4:17 | Create | Villager (Male) |
| 5:04 | Build | Lumber Camp |
| 5:20 | Create | Villager (Male) |
| 5:48 | Create | Villager (Male) |
| 6:19 | Create | Villager (Male) |
| 6:46 | Research | Feudal Age |
| 7:11 | Create | Villager (Male) |
| 7:40 | Build | Lumber Camp |
| 8:19 | Build | House |
| 8:56 | Age | Feudal Age |
| 9:04 | Build | Barracks |
| 9:11 | Create | Villager (Male) |
| 9:33 | Create | Villager (Male) |
| 9:43 | Research | Double-Bit Axe |
| 10:13 | Create | Villager (Male) |
| 10:26 | Build | Stable |
| 10:38 | Build | Stable |
| 10:45 | Create | Villager (Male) |
| 11:18 | Create | Villager (Male) |
| 11:38 | Build | House |
| 12:04 | Build | Market |
| 12:12 | Create | Villager (Male) |
| 12:38 | Build | Mining Camp |
| 12:41 | Create | Villager (Male) |
| 13:02 | Create | Villager (Male) |
| 13:35 | Create | Villager (Male) |
| 13:44 | Build | House |
| 13:55 | Build | Blacksmith |
| 14:12 | Build | Mining Camp |
| 14:17 | Create | Villager (Male) |
| 14:31 | Create | Trade Cart |
| 14:40 | Create | Villager (Male) |
| 15:19 | Build | Farm |
| 15:23 | Build | Farm |
| 15:27 | Build | Farm |
| 15:38 | Research | Castle Age |
| 16:43 | Research | Fletching |
| 16:54 | Create | Villager (Male) |
| 17:12 | Create | Trade Cart |
| 18:04 | Research | Horse Collar |
| 18:17 | Age | Castle Age |
| 18:29 | Build | Town Center |
| 18:52 | Build | Town Center |
| 18:55 | Create | Villager (Male) |
| 19:09 | Research | Bow Saw |
| 19:24 | Create | Villager (Male) |
| 19:32 | Create | Villager (Male) |
| 20:04 | Build | Farm |
| 20:13 | Create | Villager (Male) |
| 20:28 | Create | Villager (Male) |
| 20:28 | Create | Villager (Male) |
| 20:58 | Create | Villager (Male) |
| 21:15 | Build | Castle |
| 21:59 | Build | Farm |
| 22:00 | Build | Farm |
| 22:01 | Build | Farm |
| 22:06 | Build | Farm |
| 22:07 | Create | Villager (Male) |
| 22:08 | Create | Villager (Male) |
| 22:09 | Create | Villager (Male) |
| 22:38 | Create | Mangudai |
| 23:02 | Create | Villager (Male) |
| 23:04 | Create | Villager (Male) |
| 23:34 | Create | Villager (Male) |
| 24:03 | Build | Farm |
| 24:06 | Build | Farm |
| 24:09 | Build | Farm |
| 24:12 | Build | Farm |
| 24:14 | Build | Farm |
| 24:17 | Create | Villager (Male) |
| 24:18 | Create | Villager (Male) |
| 24:19 | Create | Villager (Male) |
| 24:28 | Research | Nomads |
| 24:30 | Create | Mangudai |
| 24:46 | Create | Villager (Male) |
| 24:49 | Create | Villager (Male) |
| 24:50 | Create | Villager (Male) |
| 25:13 | Create | Villager (Male) |
| 25:13 | Create | Villager (Male) |
| 25:13 | Create | Villager (Male) |
| 25:25 | Create | Villager (Male) |
| 25:27 | Create | Villager (Male) |
| 25:43 | Create | Villager (Male) |
| 25:57 | Build | Castle |
| 26:02 | Create | Villager (Male) |
| 26:11 | Create | Villager (Male) |
| 26:11 | Create | Villager (Male) |
| 26:17 | Create | Villager (Male) |
| 26:17 | Create | Villager (Male) |
| 26:19 | Create | Mangudai |
| 26:28 | Create | Villager (Male) |
| 26:41 | Create | Villager (Male) |
| 26:41 | Create | Villager (Male) |
| 26:42 | Create | Villager (Male) |
| 26:52 | Build | Farm |
| 26:54 | Build | Farm |
| 27:00 | Build | Farm |
| 27:02 | Build | Farm |
| 27:05 | Build | Farm |
| 27:08 | Build | Farm |
| 27:09 | Build | Farm |
| 27:13 | Build | Farm |
| 27:16 | Create | Villager (Male) |
| 27:17 | Create | Villager (Male) |
| 27:19 | Create | Villager (Male) |
| 27:42 | Build | Monastery |
| 27:56 | Create | Mangudai |
| 27:58 | Create | Villager (Male) |
| 27:59 | Create | Villager (Male) |
| 28:00 | Create | Villager (Male) |
| 28:07 | Research | Heavy Plow |
| 28:07 | Research | Heavy Plow |
| 28:07 | Research | Heavy Plow |
| 28:07 | Research | Heavy Plow |
| 28:13 | Create | Monk |
| 28:23 | Create | Villager (Male) |
| 28:24 | Create | Villager (Male) |
| 28:30 | Create | Villager (Male) |
| 28:44 | Create | Villager (Male) |
| 28:47 | Create | Villager (Male) |
| 28:56 | Create | Villager (Male) |
| 28:56 | Create | Villager (Male) |
| 28:57 | Create | Villager (Male) |
| 29:03 | Create | Trade Cart |
| 29:11 | Create | Villager (Male) |
| 29:13 | Create | Villager (Male) |
| 29:14 | Create | Villager (Male) |
| 29:30 | Build | Farm |
| 29:36 | Build | Farm |
| 29:42 | Build | Farm |
| 29:43 | Build | Farm |
| 29:45 | Create | Villager (Male) |
| 29:47 | Create | Villager (Male) |
| 29:48 | Create | Villager (Male) |
Build order — xxbysnipxx
First 150 of 396 actions detected
| 0:02 | Create | Villager (Male) |
| 0:02 | Create | Villager (Male) |
| 0:02 | Create | Villager (Male) |
| 0:02 | Create | Villager (Male) |
| 0:03 | Create | Villager (Male) |
| 0:04 | Build | House |
| 0:07 | Build | House |
| 1:45 | Create | Villager (Male) |
| 1:45 | Create | Villager (Male) |
| 1:45 | Create | Villager (Male) |
| 1:59 | Create | Villager (Male) |
| 1:59 | Create | Villager (Male) |
| 1:59 | Create | Villager (Male) |
| 2:18 | Build | Lumber Camp |
| 2:48 | Create | Villager (Male) |
| 2:49 | Create | Villager (Male) |
| 2:49 | Create | Villager (Male) |
| 3:14 | Create | Villager (Male) |
| 3:15 | Create | Villager (Male) |
| 3:15 | Create | Villager (Male) |
| 3:15 | Create | Villager (Male) |
| 3:52 | Create | Villager (Male) |
| 3:53 | Create | Villager (Male) |
| 3:53 | Create | Villager (Male) |
| 4:07 | Build | House |
| 4:15 | Create | Villager (Male) |
| 4:15 | Create | Villager (Male) |
| 4:15 | Create | Villager (Male) |
| 4:15 | Create | Villager (Male) |
| 5:07 | Build | House |
| 5:10 | Create | Villager (Male) |
| 5:10 | Create | Villager (Male) |
| 5:10 | Create | Villager (Male) |
| 6:37 | Create | Villager (Male) |
| 6:37 | Create | Villager (Male) |
| 6:37 | Create | Villager (Male) |
| 6:37 | Create | Villager (Male) |
| 6:38 | Create | Villager (Male) |
| 6:38 | Create | Villager (Male) |
| 6:38 | Create | Villager (Male) |
| 6:59 | Build | Mining Camp |
| 7:05 | Build | House |
| 8:05 | Create | Villager (Male) |
| 8:58 | Build | Mill |
| 9:12 | Research | Feudal Age |
| 9:44 | Build | Mill |
| 9:56 | Create | Villager (Male) |
| 9:56 | Create | Villager (Male) |
| 9:56 | Create | Villager (Male) |
| 10:33 | Build | House |
| 10:36 | Build | House |
| 11:39 | Build | Farm |
| 12:00 | Build | Farm |
| 12:05 | Build | Farm |
| 12:07 | Age | Feudal Age |
| 12:16 | Build | Market |
| 12:23 | Build | Blacksmith |
| 12:29 | Build | Farm |
| 12:33 | Build | Farm |
| 12:35 | Create | Villager (Male) |
| 12:42 | Build | Farm |
| 13:18 | Build | Farm |
| 13:22 | Create | Villager (Male) |
| 13:44 | Create | Villager (Male) |
| 13:54 | Build | Farm |
| 14:01 | Build | Farm |
| 14:10 | Research | Castle Age |
| 15:19 | Build | Farm |
| 15:46 | Create | Villager (Male) |
| 15:46 | Create | Villager (Male) |
| 15:47 | Create | Villager (Male) |
| 16:50 | Age | Castle Age |
| 16:53 | Build | Town Center |
| 16:56 | Build | Town Center |
| 17:00 | Create | Villager (Male) |
| 17:16 | Create | Villager (Male) |
| 17:17 | Create | Villager (Male) |
| 17:17 | Create | Villager (Male) |
| 17:17 | Create | Villager (Male) |
| 17:32 | Research | Double-Bit Axe |
| 18:08 | Create | Villager (Male) |
| 18:09 | Create | Villager (Male) |
| 18:09 | Create | Villager (Male) |
| 18:09 | Create | Villager (Male) |
| 18:09 | Create | Villager (Male) |
| 18:10 | Create | Villager (Male) |
| 18:24 | Create | Villager (Male) |
| 18:24 | Create | Villager (Male) |
| 18:25 | Create | Villager (Male) |
| 18:27 | Create | Villager (Male) |
| 18:27 | Create | Villager (Male) |
| 18:28 | Create | Villager (Male) |
| 18:28 | Create | Villager (Male) |
| 18:33 | Build | Farm |
| 18:37 | Build | Farm |
| 18:43 | Build | Farm |
| 18:47 | Build | Farm |
| 18:53 | Create | Villager (Male) |
| 18:54 | Create | Villager (Male) |
| 18:54 | Create | Villager (Male) |
| 19:06 | Build | Farm |
| 19:09 | Create | Villager (Male) |
| 19:10 | Create | Villager (Male) |
| 19:10 | Create | Villager (Male) |
| 19:18 | Build | Farm |
| 19:37 | Create | Villager (Male) |
| 19:37 | Create | Villager (Male) |
| 19:37 | Create | Villager (Male) |
| 19:38 | Create | Villager (Male) |
| 19:38 | Create | Villager (Male) |
| 19:45 | Build | Farm |
| 19:47 | Build | Farm |
| 19:56 | Build | House |
| 20:03 | Create | Villager (Male) |
| 20:04 | Create | Villager (Male) |
| 20:07 | Create | Villager (Male) |
| 20:08 | Create | Villager (Male) |
| 20:08 | Create | Villager (Male) |
| 20:17 | Build | Farm |
| 20:23 | Create | Villager (Male) |
| 20:37 | Build | House |
| 20:38 | Create | Villager (Male) |
| 20:38 | Create | Villager (Male) |
| 20:38 | Create | Villager (Male) |
| 20:39 | Create | Villager (Male) |
| 20:39 | Create | Villager (Male) |
| 20:39 | Create | Villager (Male) |
| 20:42 | Build | Farm |
| 20:43 | Build | Farm |
| 20:56 | Create | Villager (Male) |
| 20:56 | Create | Villager (Male) |
| 20:57 | Create | Villager (Male) |
| 20:57 | Create | Villager (Male) |
| 21:08 | Build | Farm |
| 21:21 | Build | Farm |
| 21:27 | Create | Villager (Male) |
| 21:27 | Create | Villager (Male) |
| 21:28 | Create | Villager (Male) |
| 21:28 | Create | Villager (Male) |
| 21:32 | Build | House |
| 21:35 | Create | Villager (Male) |
| 21:35 | Create | Villager (Male) |
| 21:44 | Build | Farm |
| 21:48 | Create | Villager (Male) |
| 21:49 | Create | Villager (Male) |
| 21:49 | Create | Villager (Male) |
| 21:54 | Create | Villager (Male) |
| 21:55 | Create | Villager (Male) |
| 21:55 | Create | Villager (Male) |
| 21:55 | Create | Villager (Male) |
Build order — zsedc258
First 150 of 304 actions detected
| 0:07 | Create | Villager (Male) |
| 0:08 | Create | Villager (Male) |
| 0:08 | Create | Villager (Male) |
| 0:08 | Create | Villager (Male) |
| 0:08 | Create | Villager (Male) |
| 1:23 | Create | Villager (Male) |
| 1:23 | Create | Villager (Male) |
| 1:53 | Create | Villager (Male) |
| 1:53 | Create | Villager (Male) |
| 2:16 | Create | Villager (Male) |
| 2:16 | Create | Villager (Male) |
| 2:47 | Create | Villager (Male) |
| 2:47 | Create | Villager (Male) |
| 3:20 | Create | Villager (Male) |
| 3:20 | Create | Villager (Male) |
| 3:36 | Create | Villager (Male) |
| 3:37 | Create | Villager (Male) |
| 3:37 | Create | Villager (Male) |
| 4:23 | Create | Villager (Male) |
| 4:31 | Create | Villager (Male) |
| 4:40 | Build | Lumber Camp |
| 4:45 | Build | Lumber Camp |
| 5:12 | Create | Villager (Male) |
| 5:14 | Create | Villager (Male) |
| 5:47 | Create | Villager (Male) |
| 5:47 | Create | Villager (Male) |
| 5:48 | Create | Villager (Male) |
| 5:59 | Create | Villager (Male) |
| 6:14 | Create | Villager (Male) |
| 6:14 | Create | Villager (Male) |
| 6:29 | Build | Mill |
| 7:11 | Build | Mill |
| 8:11 | Research | Feudal Age |
| 8:37 | Build | Mining Camp |
| 9:21 | Create | Villager (Male) |
| 10:06 | Build | Farm |
| 10:06 | Build | Farm |
| 10:07 | Build | Farm |
| 10:07 | Build | Farm |
| 10:08 | Build | Farm |
| 10:21 | Age | Feudal Age |
| 10:27 | Create | Villager (Male) |
| 10:51 | Create | Villager (Male) |
| 11:03 | Build | Market |
| 11:14 | Create | Villager (Male) |
| 11:43 | Create | Villager (Male) |
| 12:17 | Build | Blacksmith |
| 12:20 | Create | Villager (Male) |
| 12:34 | Create | Villager (Male) |
| 12:57 | Build | Mining Camp |
| 13:02 | Research | Castle Age |
| 13:15 | Research | Double-Bit Axe |
| 13:38 | Research | Horse Collar |
| 13:38 | Research | Horse Collar |
| 14:04 | Create | Villager (Male) |
| 14:04 | Create | Villager (Male) |
| 14:30 | Build | Farm |
| 14:31 | Build | Farm |
| 14:34 | Build | Farm |
| 14:34 | Build | Farm |
| 14:35 | Build | Farm |
| 14:53 | Build | Farm |
| 15:02 | Create | Villager (Male) |
| 15:57 | Age | Castle Age |
| 16:09 | Build | Town Center |
| 16:33 | Create | Villager (Male) |
| 16:50 | Build | Monastery |
| 16:56 | Build | Monastery |
| 16:59 | Create | Villager (Male) |
| 17:00 | Create | Villager (Male) |
| 17:20 | Create | Villager (Male) |
| 17:21 | Create | Villager (Male) |
| 17:24 | Create | Villager (Male) |
| 17:26 | Create | Monk |
| 17:27 | Create | Monk |
| 17:57 | Create | Villager (Male) |
| 18:00 | Create | Villager (Male) |
| 18:08 | Build | Town Center |
| 18:32 | Create | Villager (Male) |
| 18:37 | Create | Villager (Male) |
| 18:40 | Create | Monk |
| 18:44 | Research | Fervor |
| 18:59 | Build | University |
| 19:17 | Create | Villager (Male) |
| 19:19 | Create | Villager (Male) |
| 19:20 | Create | Villager (Male) |
| 19:24 | Create | Villager (Male) |
| 19:24 | Create | Villager (Male) |
| 20:10 | Create | Villager (Male) |
| 20:10 | Create | Villager (Male) |
| 20:14 | Create | Villager (Male) |
| 20:14 | Create | Villager (Male) |
| 20:17 | Research | Wheelbarrow |
| 20:20 | Create | Villager (Male) |
| 20:20 | Create | Villager (Male) |
| 20:28 | Research | Heavy Plow |
| 20:44 | Create | Villager (Male) |
| 21:13 | Create | Villager (Male) |
| 21:14 | Create | Villager (Male) |
| 21:19 | Build | Farm |
| 21:19 | Build | Farm |
| 21:20 | Build | Farm |
| 21:20 | Build | Farm |
| 21:20 | Build | Farm |
| 21:21 | Build | Farm |
| 21:25 | Build | Farm |
| 21:25 | Build | Farm |
| 21:25 | Build | Farm |
| 21:28 | Create | Villager (Male) |
| 21:33 | Build | Farm |
| 21:34 | Build | Farm |
| 21:34 | Build | Farm |
| 21:34 | Build | Farm |
| 21:37 | Build | Farm |
| 21:40 | Build | Farm |
| 22:39 | Research | Hand Cart |
| 23:00 | Create | Villager (Male) |
| 23:01 | Create | Villager (Male) |
| 23:02 | Create | Villager (Male) |
| 23:02 | Create | Villager (Male) |
| 23:05 | Research | Town Watch |
| 23:21 | Research | Bow Saw |
| 23:36 | Build | Mill |
| 23:37 | Build | Farm |
| 23:37 | Build | Farm |
| 23:37 | Build | Farm |
| 23:38 | Build | Farm |
| 23:38 | Build | Farm |
| 23:38 | Build | Farm |
| 23:54 | Create | Villager (Male) |
| 23:58 | Create | Villager (Male) |
| 23:59 | Research | Loom |
| 24:00 | Create | Villager (Male) |
| 24:02 | Create | Villager (Male) |
| 24:03 | Create | Villager (Male) |
| 24:05 | Create | Villager (Male) |
| 24:26 | Build | Town Center |
| 24:30 | Create | Villager (Male) |
| 24:31 | Create | Villager (Male) |
| 24:34 | Create | Villager (Male) |
| 24:48 | Research | Gold Mining |
| 24:50 | Research | Stone Mining |
| 25:03 | Create | Villager (Male) |
| 25:23 | Create | Villager (Male) |
| 25:27 | Build | Lumber Camp |
| 25:40 | Create | Villager (Male) |
| 25:40 | Create | Villager (Male) |
| 25:40 | Create | Villager (Male) |
| 25:41 | Create | Villager (Male) |
| 25:43 | Build | Farm |
Build order — snogivgolovu
146 actions detected in the replay
| 0:36 | Create | Villager (Male) ×4 |
| 0:51 | Build | House |
| 0:53 | Build | House |
| 0:54 | Build | House |
| 0:57 | Build | House |
| 2:36 | Create | Villager (Male) |
| 2:37 | Create | Villager (Male) |
| 3:20 | Create | Villager (Male) |
| 3:21 | Create | Villager (Male) |
| 3:54 | Create | Villager (Male) |
| 4:17 | Create | Villager (Male) |
| 4:24 | Create | Villager (Male) |
| 4:27 | Create | Villager (Male) |
| 5:04 | Create | Villager (Male) |
| 5:24 | Create | Villager (Male) |
| 5:27 | Create | Villager (Male) |
| 5:37 | Create | Villager (Male) |
| 6:03 | Create | Villager (Male) |
| 6:46 | Create | Villager (Male) |
| 7:04 | Build | Mill |
| 7:19 | Create | Villager (Male) |
| 7:23 | Create | Villager (Male) |
| 7:24 | Create | Villager (Male) |
| 8:09 | Create | Villager (Male) |
| 8:27 | Create | Villager (Male) |
| 9:06 | Build | Lumber Camp |
| 10:37 | Research | Feudal Age |
| 12:13 | Build | House |
| 12:14 | Build | House |
| 12:15 | Build | House |
| 12:16 | Build | House |
| 12:47 | Age | Feudal Age |
| 13:11 | Build | Market |
| 13:15 | Build | Blacksmith |
| 13:24 | Build | Market |
| 13:33 | Build | Market |
| 13:48 | Research | Wheelbarrow |
| 13:57 | Research | Double-Bit Axe |
| 14:14 | Create | Trade Cart |
| 14:48 | Create | Trade Cart |
| 15:02 | Create | Villager (Male) |
| 15:03 | Create | Villager (Male) |
| 15:04 | Create | Villager (Male) |
| 15:05 | Create | Villager (Male) |
| 15:42 | Build | Mining Camp |
| 16:03 | Create | Trade Cart |
| 16:08 | Create | Trade Cart |
| 16:13 | Create | Trade Cart |
| 16:37 | Create | Villager (Male) |
| 16:40 | Create | Villager (Male) |
| 16:49 | Build | Mining Camp |
| 17:03 | Create | Trade Cart |
| 17:07 | Create | Trade Cart |
| 17:35 | Create | Trade Cart |
| 18:02 | Create | Trade Cart |
| 18:10 | Create | Trade Cart |
| 18:14 | Create | Villager (Male) |
| 18:15 | Create | Villager (Male) |
| 18:17 | Create | Villager (Male) |
| 18:28 | Create | Villager (Male) |
| 18:35 | Create | Trade Cart |
| 18:49 | Create | Trade Cart |
| 19:23 | Build | House |
| 19:24 | Build | House |
| 19:26 | Build | House |
| 19:27 | Build | House |
| 21:35 | Research | Castle Age |
| 21:55 | Build | Farm |
| 22:09 | Research | Horse Collar |
| 22:48 | Build | Barracks |
| 23:22 | Build | Stone Wall |
| 23:27 | Build | Stone Wall |
| 24:06 | Build | Farm |
| 24:08 | Build | Farm |
| 24:14 | Build | Farm |
| 24:15 | Build | Farm |
| 24:15 | Age | Castle Age |
| 24:26 | Build | Town Center |
| 24:29 | Build | Town Center |
| 24:48 | Create | Villager (Male) ×5 |
| 25:09 | Build | Town Center |
| 26:06 | Build | Castle |
| 26:25 | Create | Villager (Male) |
| 26:33 | Create | Villager (Male) ×4 |
| 26:41 | Create | Trade Cart ×3 |
| 27:03 | Research | Bow Saw |
| 27:20 | Create | Villager (Male) |
| 27:34 | Build | Farm |
| 27:56 | Build | Farm |
| 28:18 | Create | Villager (Male) |
| 28:19 | Create | Villager (Male) |
| 28:25 | Create | Villager (Male) |
| 28:59 | Build | Stone Wall |
| 29:01 | Build | Stone Wall |
| 29:05 | Build | Stone Wall |
| 29:12 | Create | Spearman |
| 29:12 | Create | Spearman |
| 29:13 | Create | Spearman |
| 29:19 | Build | Farm |
| 29:21 | Build | Farm |
| 29:23 | Build | Farm |
| 29:37 | Create | Villager (Male) ×5 |
| 30:12 | Create | Conquistador ×2 |
| 30:49 | Build | Siege Workshop |
| 31:19 | Build | Castle |
| 31:26 | Create | Villager (Male) ×5 |
| 31:57 | Build | Monastery |
| 32:02 | Build | University |
| 32:12 | Create | Conquistador ×2 |
| 32:32 | Build | Farm |
| 32:34 | Research | Heavy Plow |
| 32:54 | Create | Mangonel |
| 33:05 | Research | Scale Barding Armor |
| 33:07 | Research | Fletching |
| 33:17 | Build | Farm |
| 33:41 | Build | Mining Camp |
| 33:47 | Create | Conquistador ×3 |
| 33:54 | Build | House |
| 33:55 | Build | House |
| 33:56 | Build | House |
| 33:57 | Build | House |
| 33:58 | Build | House |
| 34:15 | Research | Imperial Age |
| 34:23 | Research | Hand Cart |
| 34:27 | Research | Town Watch |
| 34:34 | Research | Gold Mining |
| 34:39 | Research | Stone Mining |
| 34:45 | Create | Villager (Male) ×3 |
| 35:07 | Create | Conquistador ×2 |
| 35:41 | Create | Conquistador ×2 |
| 35:53 | Research | Chain Barding Armor |
| 36:06 | Create | Conquistador |
| 36:12 | Build | Farm |
| 36:15 | Build | Farm |
| 36:19 | Build | Farm |
| 36:28 | Research | Fortified Wall (upgrade) |
| 37:19 | Research | Masonry |
| 37:21 | Research | Ballistics |
| 37:25 | Age | Imperial Age |
| 37:33 | Research | Pikeman (upgrade) |
| 37:40 | Research | Conscription |
| 38:22 | Create | Conquistador ×5 |
| 39:49 | Create | Conquistador ×4 |
| 40:47 | Research | Architecture |
| 41:06 | Build | Castle |
| 42:24 | Create | Villager (Male) ×4 |
Build order — 别骂了,只会养坤
First 150 of 328 actions detected
| 0:04 | Build | House |
| 0:06 | Build | House |
| 0:09 | Create | Villager (Male) ×5 |
| 0:09 | Create | Villager (Male) ×5 |
| 0:10 | Create | Villager (Male) |
| 0:10 | Create | Villager (Male) |
| 1:55 | Build | Lumber Camp |
| 2:12 | Create | Villager (Male) |
| 2:12 | Create | Villager (Male) |
| 2:37 | Create | Villager (Male) |
| 3:15 | Create | Villager (Male) |
| 3:16 | Create | Villager (Male) |
| 3:16 | Create | Villager (Male) |
| 3:57 | Build | House |
| 3:59 | Build | House |
| 4:22 | Create | Villager (Male) |
| 4:23 | Create | Villager (Male) |
| 4:23 | Create | Villager (Male) |
| 4:33 | Build | Mill |
| 4:48 | Build | House |
| 5:15 | Create | Villager (Male) |
| 5:23 | Create | Villager (Male) |
| 5:23 | Create | Villager (Male) |
| 5:24 | Create | Villager (Male) |
| 5:55 | Create | Villager (Male) |
| 7:01 | Create | Villager (Male) |
| 7:01 | Create | Villager (Male) |
| 7:18 | Build | Farm |
| 7:31 | Create | Villager (Male) |
| 7:31 | Create | Villager (Male) |
| 7:34 | Create | Villager (Male) |
| 7:34 | Create | Villager (Male) |
| 7:42 | Build | Farm |
| 8:07 | Build | Farm |
| 8:31 | Build | Farm |
| 8:50 | Research | Feudal Age |
| 8:57 | Build | Farm |
| 9:18 | Create | Villager (Male) |
| 9:18 | Create | Villager (Male) |
| 9:22 | Build | Farm |
| 9:49 | Build | Mining Camp |
| 11:44 | Build | Lumber Camp |
| 12:19 | Age | Feudal Age |
| 12:21 | Build | Market |
| 12:31 | Build | Blacksmith |
| 12:56 | Research | Double-Bit Axe |
| 13:11 | Research | Castle Age |
| 13:46 | Build | Farm |
| 13:50 | Build | Farm |
| 13:53 | Build | Farm |
| 13:56 | Build | Farm |
| 14:11 | Build | Farm |
| 14:17 | Build | Farm |
| 14:26 | Create | Villager (Male) |
| 14:26 | Create | Villager (Male) |
| 14:33 | Build | House |
| 14:34 | Build | House |
| 14:35 | Build | House |
| 14:37 | Build | House |
| 14:39 | Build | House |
| 14:41 | Build | House |
| 14:52 | Create | Villager (Male) |
| 14:52 | Create | Villager (Male) |
| 15:51 | Age | Castle Age |
| 15:58 | Build | Monastery |
| 16:29 | Research | Forging |
| 16:30 | Create | Villager (Male) |
| 16:31 | Create | Villager (Male) |
| 16:34 | Create | Monk |
| 16:37 | Build | House |
| 16:38 | Build | House |
| 16:40 | Build | House |
| 16:41 | Build | House |
| 16:55 | Build | Town Center |
| 17:52 | Create | Monk |
| 18:03 | Create | Villager (Male) |
| 18:03 | Create | Villager (Male) |
| 18:12 | Build | Town Center |
| 18:35 | Build | Farm |
| 19:06 | Build | House |
| 19:07 | Build | House |
| 19:09 | Build | House |
| 19:12 | Build | Farm |
| 19:14 | Create | Villager (Male) |
| 19:14 | Create | Villager (Male) |
| 19:18 | Create | Villager (Male) |
| 19:18 | Create | Villager (Male) |
| 19:19 | Create | Villager (Male) |
| 19:20 | Create | Villager (Male) |
| 19:23 | Build | Farm |
| 19:28 | Research | Bow Saw |
| 19:35 | Create | Villager (Male) ×5 |
| 19:36 | Create | Villager (Male) ×5 |
| 19:36 | Create | Villager (Male) ×5 |
| 19:36 | Create | Villager (Male) ×5 |
| 19:40 | Create | Villager (Male) |
| 19:40 | Create | Villager (Male) |
| 19:42 | Build | Farm |
| 19:47 | Create | Villager (Male) |
| 19:47 | Create | Villager (Male) |
| 19:52 | Build | Mining Camp |
| 20:00 | Research | Horse Collar |
| 20:01 | Research | Horse Collar |
| 20:36 | Build | Farm |
| 20:41 | Build | Barracks |
| 20:45 | Build | House |
| 20:46 | Build | House |
| 20:48 | Create | Villager (Male) |
| 20:48 | Create | Villager (Male) |
| 20:52 | Create | Villager (Male) ×3 |
| 21:13 | Create | Monk |
| 21:20 | Build | Farm |
| 21:22 | Create | Villager (Male) |
| 21:22 | Create | Villager (Male) |
| 21:25 | Build | Farm |
| 21:28 | Research | Heavy Plow |
| 21:48 | Build | House |
| 21:49 | Build | House |
| 21:50 | Build | House |
| 21:51 | Build | House |
| 21:53 | Build | House |
| 21:56 | Build | House |
| 21:58 | Build | House |
| 22:00 | Build | House |
| 22:01 | Build | House |
| 22:41 | Research | Wheelbarrow |
| 22:45 | Build | Farm |
| 22:47 | Build | Farm |
| 22:50 | Build | Farm |
| 22:53 | Create | Villager (Male) |
| 23:00 | Build | Stable |
| 23:09 | Create | Villager (Male) |
| 23:12 | Research | Stone Mining |
| 23:13 | Research | Gold Mining |
| 23:32 | Research | Squires |
| 23:45 | Build | University |
| 24:00 | Create | Villager (Male) |
| 24:00 | Create | Villager (Male) |
| 24:02 | Create | Villager (Male) |
| 24:03 | Create | Villager (Male) |
| 24:03 | Create | Villager (Male) |
| 24:04 | Create | Villager (Male) |
| 24:43 | Research | Hand Cart |
| 24:52 | Build | Farm |
| 25:01 | Research | Stone Shaft Mining |
| 25:05 | Build | Farm |
| 25:11 | Research | Treadmill Crane |
| 25:12 | Research | Ballistics |
| 25:23 | Build | Farm |
| 25:31 | Create | Villager (Male) |
Build order — 我来监督沙瑞金
First 150 of 341 actions detected
| 0:11 | Build | House |
| 0:14 | Create | Villager (Male) |
| 0:27 | Create | Villager (Male) |
| 0:50 | Build | House |
| 0:54 | Create | Villager (Male) |
| 1:25 | Create | Villager (Male) |
| 1:42 | Create | Villager (Male) |
| 2:14 | Create | Villager (Male) |
| 2:45 | Create | Villager (Male) |
| 3:12 | Create | Villager (Male) |
| 3:23 | Build | Mill |
| 3:32 | Create | Villager (Male) |
| 4:01 | Create | Villager (Male) |
| 4:26 | Build | House |
| 4:33 | Create | Villager (Male) |
| 4:57 | Create | Villager (Male) |
| 5:23 | Create | Villager (Male) |
| 5:52 | Create | Villager (Male) |
| 6:11 | Research | Loom |
| 6:28 | Build | House |
| 6:29 | Build | House |
| 6:40 | Create | Villager (Male) |
| 7:08 | Create | Villager (Male) |
| 7:20 | Create | Villager (Male) |
| 7:32 | Build | Lumber Camp |
| 7:37 | Create | Villager (Male) |
| 8:15 | Create | Villager (Male) |
| 8:31 | Create | Villager (Male) |
| 9:11 | Create | Villager (Male) |
| 9:39 | Create | Villager (Male) |
| 9:42 | Research | Feudal Age |
| 10:48 | Create | Villager (Male) |
| 11:32 | Create | Villager (Male) |
| 11:52 | Age | Feudal Age |
| 11:57 | Create | Villager (Male) |
| 12:06 | Build | Mining Camp |
| 12:10 | Create | Villager (Male) |
| 12:43 | Create | Villager (Male) |
| 12:56 | Build | Market |
| 13:00 | Research | Horse Collar |
| 13:06 | Build | Lumber Camp |
| 13:10 | Create | Villager (Male) |
| 13:20 | Create | Villager (Male) |
| 13:36 | Research | Wheelbarrow |
| 13:46 | Research | Double-Bit Axe |
| 14:03 | Build | Farm |
| 14:10 | Build | House |
| 14:11 | Build | House |
| 14:13 | Build | House |
| 15:06 | Build | Farm |
| 15:20 | Build | Farm |
| 15:22 | Build | Farm |
| 15:33 | Build | Farm |
| 15:47 | Create | Villager (Male) |
| 16:02 | Build | Mining Camp |
| 16:26 | Create | Villager (Male) |
| 16:35 | Build | Farm |
| 16:41 | Create | Villager (Male) |
| 16:54 | Build | Blacksmith |
| 16:58 | Create | Villager (Male) |
| 17:06 | Build | Farm |
| 17:27 | Build | Farm |
| 17:37 | Create | Villager (Male) |
| 17:52 | Create | Villager (Male) |
| 17:59 | Build | Farm |
| 18:18 | Build | Farm |
| 18:23 | Create | Villager (Male) |
| 18:44 | Create | Villager (Male) |
| 18:48 | Build | Farm |
| 19:11 | Create | Villager (Male) |
| 19:36 | Build | Farm |
| 19:40 | Create | Villager (Male) |
| 19:50 | Create | Villager (Male) |
| 20:01 | Build | Farm |
| 20:15 | Build | House |
| 20:16 | Build | House |
| 20:17 | Build | House |
| 20:19 | Build | House |
| 20:23 | Build | Farm |
| 20:28 | Create | Villager (Male) |
| 20:45 | Build | Farm |
| 20:59 | Research | Town Watch |
| 21:07 | Create | Villager (Male) |
| 21:13 | Build | Farm |
| 21:19 | Research | Town Watch |
| 21:22 | Research | Castle Age |
| 22:08 | Create | Villager (Male) |
| 22:20 | Build | Barracks |
| 22:58 | Research | Town Watch |
| 23:19 | Build | Archery Range |
| 23:20 | Build | Archery Range |
| 23:37 | Create | Villager (Male) |
| 24:12 | Age | Castle Age |
| 24:35 | Build | Town Center |
| 24:43 | Research | Heavy Plow |
| 24:51 | Research | Bow Saw |
| 25:05 | Research | Hand Cart |
| 25:14 | Build | Town Center |
| 25:30 | Research | Town Patrol |
| 26:01 | Build | Castle |
| 26:28 | Create | Villager (Male) |
| 26:40 | Build | Farm |
| 26:43 | Create | Villager (Male) |
| 27:17 | Research | Squires |
| 27:19 | Research | Pikeman (upgrade) |
| 27:25 | Create | Villager (Male) |
| 27:29 | Build | Farm |
| 27:38 | Build | Farm |
| 27:50 | Create | Villager (Male) |
| 27:50 | Create | Villager (Male) |
| 28:16 | Build | Farm |
| 28:18 | Create | Villager (Male) |
| 28:48 | Build | University |
| 28:55 | Create | Villager (Male) |
| 29:06 | Build | Barracks |
| 29:09 | Build | Barracks |
| 29:10 | Build | Barracks |
| 29:12 | Build | Barracks |
| 29:35 | Research | Imperial Age |
| 29:57 | Build | Mining Camp |
| 30:08 | Research | Thumb Ring |
| 30:13 | Research | Ballistics |
| 30:15 | Research | Murder Holes |
| 30:33 | Create | Villager (Male) |
| 30:52 | Research | Treadmill Crane |
| 30:56 | Research | Fortified Wall (upgrade) |
| 31:18 | Build | Farm |
| 31:30 | Build | House |
| 31:31 | Build | House |
| 31:32 | Build | House |
| 31:34 | Build | House |
| 31:37 | Build | House |
| 31:40 | Build | House |
| 31:43 | Create | Villager (Male) |
| 31:56 | Research | Caravan |
| 31:57 | Create | Trade Cart |
| 31:57 | Create | Trade Cart |
| 31:58 | Create | Trade Cart |
| 32:13 | Research | Scale Mail Armor |
| 32:31 | Create | Spearman |
| 32:31 | Create | Spearman |
| 32:32 | Create | Spearman |
| 32:32 | Create | Spearman |
| 32:32 | Create | Spearman |
| 32:32 | Create | Spearman |
| 32:38 | Create | Fire Lancer |
| 32:39 | Create | Fire Lancer |
| 32:39 | Create | Fire Lancer |
| 32:45 | Age | Imperial Age |
| 32:50 | Research | Two-Man Saw |
Build order — 所以狼
First 150 of 429 actions detected
| 0:01 | Create | Villager (Male) |
| 0:01 | Create | Villager (Male) |
| 0:02 | Create | Villager (Male) |
| 0:02 | Create | Villager (Male) |
| 0:06 | Build | House |
| 0:31 | Build | House |
| 0:32 | Build | House |
| 0:33 | Build | House |
| 1:34 | Create | Villager (Male) |
| 2:01 | Create | Villager (Male) |
| 2:17 | Build | Lumber Camp |
| 2:27 | Create | Villager (Male) |
| 2:57 | Create | Villager (Male) |
| 3:18 | Create | Villager (Male) |
| 3:43 | Create | Villager (Male) |
| 4:08 | Create | Villager (Male) |
| 4:38 | Create | Villager (Male) |
| 4:47 | Build | Mill |
| 5:03 | Create | Villager (Male) |
| 5:30 | Create | Villager (Male) |
| 5:56 | Create | Villager (Male) |
| 6:22 | Create | Villager (Male) |
| 6:48 | Create | Villager (Male) |
| 7:11 | Create | Villager (Male) |
| 7:11 | Create | Villager (Male) |
| 7:11 | Create | Villager (Male) |
| 7:16 | Build | House |
| 7:17 | Build | House |
| 7:18 | Build | House |
| 7:20 | Build | House |
| 7:29 | Build | Farm |
| 7:46 | Build | Farm |
| 7:55 | Create | Villager (Male) |
| 8:14 | Create | Villager (Male) |
| 8:21 | Build | Farm |
| 8:25 | Build | Farm |
| 8:31 | Create | Villager (Male) |
| 8:36 | Build | Farm |
| 9:01 | Build | Mining Camp |
| 9:08 | Build | Mining Camp |
| 9:11 | Create | Villager (Male) |
| 9:25 | Create | Villager (Male) |
| 10:07 | Research | Feudal Age |
| 11:58 | Create | Villager (Male) |
| 11:58 | Create | Villager (Male) |
| 11:59 | Create | Villager (Male) |
| 11:59 | Create | Villager (Male) |
| 12:18 | Age | Feudal Age |
| 12:22 | Build | Market |
| 12:30 | Build | Blacksmith |
| 13:23 | Build | Barracks |
| 13:41 | Research | Castle Age |
| 13:48 | Build | Mill |
| 14:26 | Build | House |
| 14:29 | Build | House |
| 14:30 | Build | House |
| 14:44 | Research | Double-Bit Axe |
| 14:49 | Research | Horse Collar |
| 15:11 | Research | Stone Mining |
| 15:19 | Research | Gold Mining |
| 15:29 | Build | Farm |
| 15:30 | Build | Farm |
| 15:37 | Build | Farm |
| 16:09 | Create | Villager (Male) |
| 16:10 | Create | Villager (Male) |
| 16:10 | Create | Villager (Male) |
| 16:10 | Create | Villager (Male) |
| 16:21 | Age | Castle Age |
| 16:27 | Build | Monastery |
| 16:45 | Build | Farm |
| 16:59 | Create | Villager (Male) |
| 17:11 | Build | Town Center |
| 17:21 | Build | House |
| 17:23 | Create | Monk |
| 17:38 | Create | Villager (Male) |
| 17:41 | Build | Farm |
| 17:59 | Create | Villager (Male) |
| 18:09 | Build | Farm |
| 18:13 | Create | Monk |
| 18:28 | Create | Villager (Male) |
| 18:36 | Create | Villager (Male) |
| 18:41 | Create | Villager (Male) |
| 18:42 | Create | Villager (Male) |
| 18:42 | Create | Villager (Male) |
| 18:47 | Create | Villager (Male) |
| 18:47 | Create | Villager (Male) |
| 18:54 | Create | Monk |
| 19:09 | Create | Villager (Male) |
| 19:10 | Create | Villager (Male) |
| 19:17 | Build | House |
| 19:18 | Build | House |
| 19:25 | Create | Villager (Male) |
| 19:44 | Build | Castle |
| 20:27 | Build | Farm |
| 20:40 | Build | Town Center |
| 20:46 | Create | Villager (Male) |
| 20:47 | Create | Villager (Male) |
| 21:13 | Create | Villager (Male) |
| 21:13 | Create | Villager (Male) |
| 21:15 | Create | Villager (Male) |
| 21:15 | Create | Villager (Male) |
| 21:24 | Build | Town Center |
| 22:21 | Create | Villager (Male) |
| 22:22 | Create | Villager (Male) |
| 22:23 | Create | Villager (Male) |
| 22:24 | Create | Villager (Male) |
| 22:46 | Build | Mining Camp |
| 22:52 | Create | Villager (Male) |
| 22:52 | Create | Villager (Male) |
| 22:52 | Create | Villager (Male) |
| 22:52 | Create | Villager (Male) |
| 23:06 | Build | Farm |
| 23:07 | Build | Farm |
| 23:08 | Build | Farm |
| 23:09 | Build | Farm |
| 23:11 | Build | Farm |
| 23:12 | Build | Farm |
| 23:15 | Build | Farm |
| 23:17 | Create | Villager (Male) |
| 23:17 | Create | Villager (Male) |
| 23:20 | Create | Villager (Male) |
| 23:29 | Build | Farm |
| 23:31 | Build | Farm |
| 23:32 | Build | Farm |
| 23:34 | Build | Farm |
| 23:36 | Build | Farm |
| 23:37 | Build | Farm |
| 23:39 | Create | Villager (Male) |
| 23:40 | Create | Villager (Male) |
| 23:44 | Create | Villager (Male) |
| 23:55 | Build | Farm |
| 23:57 | Build | Farm |
| 23:58 | Build | Farm |
| 24:01 | Create | Villager (Male) |
| 24:02 | Create | Villager (Male) |
| 24:07 | Build | Lumber Camp |
| 24:17 | Create | Villager (Male) |
| 24:40 | Create | Villager (Male) |
| 24:47 | Build | House |
| 24:48 | Build | House |
| 24:49 | Build | House |
| 24:50 | Build | House |
| 24:52 | Build | House |
| 24:53 | Build | House |
| 24:56 | Create | Villager (Male) |
| 24:58 | Create | Villager (Male) |
| 25:02 | Create | Villager (Male) |
| 25:10 | Build | Lumber Camp |
| 25:16 | Build | Farm |
| 25:17 | Build | Farm |
Match timeline
| 8:56 | DK · age_up feudal |
| 9:04 | DK · first_building Barracks |
| 10:21 | zsedc258 · age_up feudal |
| 10:26 | DK · first_building Stable |
| 11:42 | Lukrat · age_up feudal |
| 11:52 | 我来监督沙瑞金 · age_up feudal |
| 12:07 | xxbysnipxx · age_up feudal |
| 12:18 | 所以狼 · age_up feudal |
| 12:19 | 别骂了,只会养坤 · age_up feudal |
| 12:47 | snogivgolovu · age_up feudal |
| 13:23 | 所以狼 · first_building Barracks |
| 15:51 | 别骂了,只会养坤 · age_up castle |
| 15:54 | Lukrat · first_market_sell 100 stone |
| 15:57 | zsedc258 · age_up castle |
| 15:57 | Lukrat · first_market_buy 100 food |
| 15:58 | 别骂了,只会养坤 · first_building Monastery |
| 16:02 | snogivgolovu · first_market_sell 100 wood |
| 16:21 | 所以狼 · age_up castle |
| 16:27 | 所以狼 · first_building Monastery |
| 16:50 | zsedc258 · first_building Monastery |
| 16:50 | xxbysnipxx · age_up castle |
| 17:03 | 所以狼 · first_market_buy 100 wood |
| 18:17 | DK · age_up castle |
| 19:18 | Lukrat · wall_segment Stone Wall x21 |
| 19:44 | 所以狼 · first_building Castle |
| 20:41 | 别骂了,只会养坤 · first_building Barracks |
| 20:41 | snogivgolovu · first_market_buy 100 food |
| 21:05 | Lukrat · age_up castle |
| 21:15 | DK · first_building Castle |
| 22:20 | 我来监督沙瑞金 · first_building Barracks |
| 22:25 | xxbysnipxx · first_building Castle |
| 22:48 | snogivgolovu · first_building Barracks |
| 23:00 | 别骂了,只会养坤 · first_building Stable |
| 23:19 | 我来监督沙瑞金 · first_building Archery Range |
| 23:22 | snogivgolovu · wall_segment Stone Wall x11 |
| 23:27 | snogivgolovu · wall_segment Stone Wall x10 |
| 23:41 | DK · first_market_sell 100 wood |
| 24:12 | 我来监督沙瑞金 · age_up castle |
| 24:15 | snogivgolovu · age_up castle |
| 26:01 | 我来监督沙瑞金 · first_building Castle |
| 26:03 | 别骂了,只会养坤 · first_building Castle |
| 26:06 | snogivgolovu · first_building Castle |
| 27:02 | Lukrat · first_building Stable |
| 27:09 | zsedc258 · first_building Castle |
| 27:28 | zsedc258 · first_building Barracks |
| 27:42 | DK · first_building Monastery |
| 28:18 | zsedc258 · first_building Stable |
| 28:59 | snogivgolovu · wall_segment Stone Wall x5 |
| 29:01 | snogivgolovu · wall_segment Stone Wall x5 |
| 29:05 | snogivgolovu · wall_segment Stone Wall x5 |
| 29:56 | xxbysnipxx · first_building Barracks |
| 30:02 | 所以狼 · first_market_sell 100 wood |
| 30:14 | zsedc258 · age_up imperial |
| 30:26 | Lukrat · first_building Monastery |
| 30:36 | 所以狼 · first_building Archery Range |
| 30:49 | snogivgolovu · first_building Siege Workshop |
| 31:07 | xxbysnipxx · first_building Archery Range |
| 31:24 | xxbysnipxx · age_up imperial |
| 31:37 | 所以狼 · first_building Stable |
| 31:57 | snogivgolovu · first_building Monastery |
| 32:30 | 别骂了,只会养坤 · first_building Siege Workshop |
| 32:39 | 别骂了,只会养坤 · first_building Archery Range |
| 32:45 | 我来监督沙瑞金 · age_up imperial |
| 33:18 | 所以狼 · age_up imperial |
| 33:34 | zsedc258 · first_market_sell 100 stone |
| 34:54 | 所以狼 · first_building Siege Workshop |
| 34:56 | 别骂了,只会养坤 · age_up imperial |
| 37:25 | snogivgolovu · age_up imperial |
| 38:35 | Lukrat · first_building Castle |
| 38:47 | Lukrat · age_up imperial |
| 42:46 | Lukrat · wall_segment Stone Wall x11 |
| 44:24 | snogivgolovu · resign |
| 46:50 | 我来监督沙瑞金 · first_building Siege Workshop |
[ AI ANALYSIS · 1 CREDIT ]
What really happened in this match?
Wolo.gg analyzes every decision: build order, eco, micro, common mistakes by bracket. Personalized analysis on WhatsApp or Discord in 30 seconds.
Civ guide
Khmer
Map guide
Arena
Perfil
Lukrat